 Dungeon Crawl Stone Soup version 0.27-a0-1586-gd5c625afe7 (webtiles) character file.

Game seed: 8714816503875278142

541991 Feb132020 the Archmage (level 25, 67/136 HPs)
             Began as a Deep Elf Air Elementalist on July 13, 2021.
             Was an Initiate of Gozag.
             Quit the game on level 4 of the Abyss on July 18, 2021.
             The game lasted 11:42:38 (108443 turns).

Feb132020 the Archmage (DEAE)                     Turns: 108443, Time: 11:42:38

Health: 67/136     AC: 20    Str:  5    XL:     25   Next: 28%
Magic:  7/50       EV: 23    Int: 31    God:    Gozag
Gold:   7378       SH: 10    Dex: 23    Spells: 7/78 levels left

rFire    + . .     SeeInvis .   a - +9 quick blade of the Singing Pill Bug {venom, rPois Int+3 Dex+2}
rCold    + + .     Faith    .   u - +3 buckler {AC+3}
rNeg     + + .     Spirit   +   H - +2 leather armour {rPois}
rPois    +         Reflect  .   p - +2 hat of the Bear Spirit {Spirit, +Rage rN+ Will++}
rElec    +         Harm     .   T - +2 cloak of Dice, Bag, and Bottle {+Inv rElec Dex+2}
rCorr    +         Rampage  .   e - +2 pair of gloves {Stlth+}
Will     ++++.                  v - +2 pair of boots {Stlth+}
Stlth    +++++++++.             J - amulet "Waemosch" {rC+ Regen+}
HPRegen  1.32/turn              I - ring "Umeqy" {Drain rF+ rC+ rCorr Int+6}
MPRegen  0.32/turn              M - ring of the Furies {rElec rN+ Int-3 Slay+5 Stlth+}

@: mildly poisoned (67 -> 64), unable to read, studying 2 skills
A: low mp 1, [weak 2], [inability to read while threatened]
}: 2/15 runes: decaying, gossamer
a: Renounce Religion, Evoke Berserk Rage, Evoke Invisibility, Potion Petition,
Call Merchant, Bribe Branch


You were on level 4 of the Abyss.
You worshipped Gozag.
Gozag was greatly pleased with you.
You visited 11 branches of the dungeon, and saw 48 of its levels.
You visited the Abyss 1 time.
You also visited: Gauntlet, Volcano, Wizlab and Desolation.

You collected 27520 gold pieces.
You spent 9465 gold pieces at shops.
You paid 10677 gold pieces to Gozag.

Inventory:

Hand Weapons
 a - the +9 quick blade of the Singing Pill Bug (weapon) {venom, rPois Int+3 Dex+2}
   (You acquired it on level 7 of the Dungeon)

   It poisons the flesh of those it strikes.
   Int:       It affects your intelligence (+3).
   Dex:       It affects your dexterity (+2).
   rPois:     It protects you from poison.
 D - the +8 short sword "Polegit" {holy, rN+}
   (You found it on level 14 of the Dungeon)

   It has been blessed by the Shining One to cause great damage to the undead
   and demons.
   rN:        It protects you from negative energy.
Armour
 e - a +2 pair of gloves of stealth (worn)
 p - the +2 hat of the Bear Spirit (worn) {Spirit, +Rage rN+ Will++}
   (You found it on level 1 of the Swamp)

   rN:        It protects you from negative energy.
   +Rage:     It lets you go berserk.
   Will:      It greatly increases your willpower.
 u - a +3 buckler of protection (worn)
 v - a +2 pair of boots of stealth (worn)
 H - a +2 leather armour of poison resistance (worn)
 T - the +2 cloak of Dice, Bag, and Bottle (worn) {+Inv rElec Dex+2}
   (You found it in a wizard's laboratory)

   Dex:       It affects your dexterity (+2).
   rElec:     It insulates you from electricity.
   +Inv:      It lets you turn invisible.
Jewellery
 s - the ring of Kiyhe {+Blink Fly rC+ Int-3 Dex+7}
   (You found it in the Desolation of Salt)

   [ring of flight]

   Int:       It affects your intelligence (-3).
   Dex:       It affects your dexterity (+7).
   rC:        It protects you from cold.
   Fly:       It grants you flight.
   +Blink:    It lets you blink.
 E - the ring of Res Nullius {rElec Dex+6 SInv}
   (You bought it in a shop on level 1 of the Elven Halls)

   [ring of see invisible]

   Dex:       It affects your dexterity (+6).
   rElec:     It insulates you from electricity.
   SInv:      It lets you see invisible.
 I - the ring "Umeqy" (left hand) {Drain rF+ rC+ rCorr Int+6}
   (You acquired it on level 7 of the Dungeon)

   [ring of intelligence]

   Int:       It affects your intelligence (+6).
   rF:        It protects you from fire.
   rC:        It protects you from cold.
   rCorr:     It protects you from acid and corrosion.
   Drain:     It drains your maximum health when unequipped.
 J - the amulet "Waemosch" (around neck) {rC+ Regen+}
   (You found it on level 3 of the Crypt)

   [amulet of regeneration]

   rC:        It protects you from cold.
   Regen:     It increases your rate of health regeneration.
 M - the ring of the Furies (right hand) {rElec rN+ Int-3 Slay+5 Stlth+}
   (You found it on level 3 of the Crypt)

   [ring of positive energy]

   Int:       It affects your intelligence (-3).
   Slay:      It affects your accuracy & damage with ranged weapons and melee
   (+5).
   rElec:     It insulates you from electricity.
   rN:        It protects you from negative energy.
   Stlth:     It makes you more stealthy.
 P - the ring "Bebu" {+Blink rPois rF+ Int+6}
   (You found it on level 11 of the Dungeon)

   [ring of intelligence]

   Int:       It affects your intelligence (+6).
   rF:        It protects you from fire.
   rPois:     It protects you from poison.
   +Blink:    It lets you blink.
 U - an amulet of reflection
 X - the ring "Itwiamp" {rN++ rCorr Slay+6 Stlth+}
   (You bought it in a shop on level 1 of the Elven Halls)

   [ring of resist corrosion]

   Slay:      It affects your accuracy & damage with ranged weapons and melee
   (+6).
   rN:        It greatly protects you from negative energy.
   rCorr:     It protects you from acid and corrosion.
   Stlth:     It makes you more stealthy.
Wands
 q - a wand of digging (17)
 z - a wand of iceblast (68)
 C - a wand of acid (46)
 S - a wand of mindburst (33)
Scrolls
 f - 6 scrolls of fog
 g - 2 scrolls of silence
 h - 2 scrolls of holy word
 k - 2 scrolls of summoning
 m - 3 scrolls of fear
 y - 4 scrolls of teleportation
 F - 9 scrolls of magic mapping
 G - 8 scrolls of blinking
 Q - 20 scrolls of identify
Potions
 b - 9 potions of haste
 c - 12 potions of curing
 d - 11 potions of might
 i - 7 potions of flight
 r - 7 potions of brilliance
 x - 6 potions of heal wounds
 A - 4 potions of cancellation
 K - 2 potions of berserk rage
 L - 5 potions of resistance
 R - 5 potions of mutation
 Y - 5 potions of magic
Miscellaneous
 j - a tin of tremorstones (2/2)
 n - a lightning rod (4/4)
 o - a phantom mirror
 t - a phial of floods
 N - a condenser vane
 V - a box of beasts


   Skills:
 + Level 7.8 Fighting
 + Level 11.6 Short Blades
 - Level 4.0 Armour
 + Level 15.2 Dodging
 + Level 13.7 Stealth
 + Level 9.3 Shields
 O Level 27 Spellcasting
 + Level 14.9 Conjurations
 + Level 5.8 Summonings
 + Level 15.0 Necromancy
 + Level 17.4 Translocations
 + Level 2.9 Transmutations
 + Level 11.0 Ice Magic
 + Level 21.6 Air Magic
 + Level 6.5 Earth Magic
 + Level 2.2 Evocations


You had 7 spell levels left.
You knew the following spells:

 Your Spells              Type           Power      Damage    Failure   Level
c - Airstrike             Air            54%        N/A       0%          4
d - Swiftness             Air            100%       N/A       0%          3
e - Mephitic Cloud        Conj/Pois/Air  87%        N/A       1%          3
f - Freezing Cloud        Conj/Ice/Air   48%        6-21      1%          5
g - Passage of Golubria   Tloc           N/A        N/A       0%          4
h - Dispersal             Tloc           50%        N/A       1%          6
i - Iskenderun's Battles  Conj           94%        2d14      1%          5
j - Borgnjor's Vile Clut  Necr/Erth      41%        N/A       1%          5
l - Lee's Rapid Deconstr  Erth           35%        3d19*     1%          5
o - Ozocubu's Armour      Ice            83%        N/A       1%          3
p - Passwall              Tmut/Erth      52%        N/A       1%          2
A - Apportation           Tloc           100%       N/A       0%          1
B - Blink                 Tloc           N/A        N/A       0%          2
D - Dispel Undead         Necr           94%        3d30      1%          4
L - Summon Lightning Spi  Summ/Air       91%        N/A       1%          4
M - Maxwell's Capacitive  Air            54%        ∞         1%          8
S - Storm Form            Tmut/Air       43%        N/A       4%          7

Your spell library contained the following spells:

 Spells                   Type           Power      Damage    Failure   Level
 Animate Skeleton         Necr           100%       N/A       0%          1
 Freeze                   Ice            100%       1d11      0%          1
 Magic Dart               Conj           100%       1d8       0%          1
 Pain                     Necr           100%       1d9       0%          1
 Shock                    Conj/Air       100%       1d9       0%          1
 Corpse Rot               Necr/Air       N/A        N/A       0%          2
 Searing Ray              Conj           100%       3d7       0%          2
 Static Discharge         Conj/Air       100%       N/A       0%          2
 Gell's Gravitas          Tloc           50%        N/A       0%          3
 Lesser Beckoning         Tloc           50%        N/A       0%          3
 Teleport Other           Tloc           100%       N/A       0%          3
 Iskenderun's Mystic Bla  Conj/Tloc      97%        2d19      0%          4
 Lightning Bolt           Conj/Air       50%        1d71      0%          5
 Corona                   Hex            45%        N/A       1%          1
 Foxfire                  Conj/Fire      100%       2x1d9     1%          1
 Sandblast                Erth           100%       2d20      1%          1
 Summon Small Mammal      Summ           100%       N/A       1%          1
 Call Imp                 Summ           67%        N/A       1%          2
 Ensorcelled Hibernation  Hex/Ice        100%       N/A       1%          2
 Slow                     Hex            41%        N/A       1%          2
 Wereblood                Tmut           57%        N/A       1%          2
 Conjure Flame            Conj/Fire      73%        6-21      1%          3
 Ignite Poison            Fire/Tmut/Pois 47%        N/A       1%          3
 Portal Projectile        Hex/Tloc       100%       N/A       1%          3
 Spider Form              Tmut/Pois      25%        N/A       1%          3
 Stone Arrow              Conj/Erth      100%       3d13      1%          3
 Animate Armour           Summ/Erth      100%       N/A       1%          4
 Animate Dead             Necr           47%        N/A       1%          4
 Hailstorm                Conj/Ice       89%        3d18      1%          4
 Ice Form                 Ice/Tmut       71%        N/A       1%          4
 Agony                    Necr           94%        N/A       1%          5
 Bolt of Magma            Conj/Fire/Erth 36%        4d16      1%          5
 Excruciating Wounds      Necr           47%        N/A       1%          5
 Fireball                 Conj/Fire      36%        3d15      1%          5
 Irradiate                Conj/Tmut      38%        3d26      1%          5
 Manifold Assault         Tloc           100%       N/A       1%          5
 Silence                  Hex/Air        41%        N/A       1%          5
 Summon Forest            Summ/Tloc      42%        N/A       1%          5
 Death Channel            Necr           47%        N/A       1%          6
 Iron Shot                Conj/Erth      41%        9d8       1%          6
 Simulacrum               Ice/Necr       44%        N/A       1%          6
 Confusing Touch          Hex            41%        N/A       2%          3
 Inner Flame              Hex/Fire       41%        N/A       2%          3
 Tukima's Dance           Hex            41%        N/A       2%          3
 Metabolic Englaciation   Hex/Ice        33%        N/A       2%          5
 Malign Gateway           Summ/Tloc      42%        N/A       6%          7
 Blade Hands              Tmut           28%        N/A       8%          5
 Olgreb's Toxic Radiance  Pois           41%        N/A       9%          4
 Ozocubu's Refrigeration  Ice            41%        4d13      9%          7
 Spellforged Servitor     Conj/Summ      41%        N/A       11%         7
 Alistair's Intoxication  Tmut/Pois      33%        N/A       14%         5
 Yara's Violent Unravell  Hex/Tmut       25%        3d11      14%         5
 Eringya's Noxious Bog    Tmut/Pois      25%        N/A       58%         6
 Invisibility             Hex            20%        N/A       80%         6
 Dragon Form              Tmut           28%        N/A       92%         7
 Disjunction              Tloc           50%        N/A       4%          8
 Chain Lightning          Conj/Air       50%        3d67      45%         9
 Lehudib's Crystal Spear  Conj/Erth      41%        10d10     58%         8
 Necromutation            Tmut/Necr      39%        N/A       82%         8
 Ignition                 Fire           20%        3d7       100%        8
 Fire Storm               Conj/Fire      36%        8d9       100%        9
 Polar Vortex             Ice            41%        N/A       100%        9
 Shatter                  Erth           35%        3d28*     100%        9


Dungeon Overview and Level Annotations

Branches:
Dungeon (15/15)            Temple (1/1) D:6            Lair (6/6) D:9
  Swamp (4/4) Lair:2       Spider (4/4) Lair:3        Slime (0/5) Lair:5
    Orc (2/2) D:12            Elf (3/3) Orc:2        Vaults (4/5) D:14
  Crypt (3/3) Vaults:3       Tomb (1/3) Crypt:3      Depths (5/5) D:15
Volcano (visited)          WizLab (visited)         Desolation (visited)
Gauntlet (visited)
    Zot: Depths:5

Altars:
Ashenzari
Cheibriados
Dithmenos
Elyvilon
Fedhas
Gozag
Hepliaklqana
Kikubaaqudgha
Nemelex Xobeh
Okawaru
Qazlal
Sif Muna
Trog
Uskayaw
Vehumet
Wu Jian
Yredelemnul
The Shining One
Beogh
Jiyva

Shops:
D:3 ([   D:5 *   D:7 *   D:10 *   D:13 !   D:14 *   D:15 *   Orc:2 :(**!
Elf:1 =*   Lair:3 [   Lair:4 [   Swamp:3 ?   Spider:4 :   Vaults:1 *
Vaults:3 !(   Depths:2 ::=   Depths:3 *

Portals:
Hell: Depths:1 Depths:2 Depths:3 Depths:4
Abyss: Depths:4
Pandemonium: Orc:2 Depths:2 Depths:3 Depths:4
Ziggurat: Depths:3
Trove: Depths:3 (give 16 scrolls of teleportation)

Annotations:
D:4 Menkaure
D:15 Azrael
Swamp:1 exclusion: door
Crypt:1 !Mennas, Mennas


Innate Abilities, Weirdness & Mutations

Your magical capacity is low. (-10% MP)
[You are very weak. (Str -4)]
[You sometimes lose the ability to read scrolls when taking damage.]


Message History

The bolt of poison hits you.
You are poisoned.
You resist.
The thrashing horror roars!
You feel very sick.
The thrashing horror is no longer distracted by gold.
A salamander comes into view.
It is wielding a +5 great sword of draining and carrying a wand of iceblast (9).
A large abomination comes into view.
You feel sick.
You feel sick.
You feel sick.
You feel sick.
The guardian serpent coils itself and waves its upper body at you.
The bolt of poison hits you!
You are more poisoned.
You resist.
You feel very sick.
A spatial vortex and a spatial maelstrom come into view.
You feel very sick.
The guardian serpent casts a spell at you.
The neqoxec blinks into view!
The large abomination blinks!
The large abomination blinks into view!
The large abomination misses you.
You block the large abomination's attack.
The thrashing horror tramples you!
You hold your ground!
The thrashing horror tramples you but does no damage.
You block the neqoxec's attack.
A spatial vortex comes into view.
You cannot read scrolls in your current state!
Unknown command.
You feel much better.
You feel very sick.
You block the thrashing horror's attack.
The thrashing horror barely misses you.
The large abomination completely misses you.
The large abomination closely misses you.
A guardian serpent comes into view.
The neqoxec gestures at you.
Strange energies course through your body.
Your rate of healing slows.
Are you sure you want to abandon this character and quit the game? (Confirm with "yes".)

.. # # d . #.S #. # v.
##. ## #.. ### $#.#.##
v# ... . #S. #
#.v#.##.. #S#
..####..#. ..# .
*N#§h#.#....###3#X.#.#.
#X###.#..#....#@# ..
##3#.#.#X.....X#..#3#
#NX....##.#....X..#
##..#...#N.#...S#.#
#.###....#...##..#.. #
.N......#.# #.##..
##.#..#.##..# #.#.#.
..#### #.##.... #.#.
..# ######.# ...


You could see a tentacled starspawn, a spatial maelstrom, a salamander, 2
spatial vortices, a thrashing horror, 2 large abominations, 2 guardian serpents
and a neqoxec.

Vanquished Creatures
  An ancient lich (Crypt:3)
  A juggernaut (Depths:3)
  the Lernaean hydra (Swamp:4)
  Frederick (Depths:3)
  A caustic shrike (Depths:3)
  Jory (Depths:3)
  Arachne (Spider:2)
  A bone dragon (Crypt:3)
  4 tentacled monstrosities
  Jorgrun (D:12)
  6 liches
  A deep elf master archer (Elf:3)
  A deep elf blademaster (Elf:2)
  12 sphinxes
  6 tentacled starspawn
  An eldritch tentacle (WizLab)
  A thorn hunter (Swamp:3)
  2 ancient champions (Crypt:1)
  3 storm dragons
  Agnes (Elf:2)
  5 tengu reavers
  A shadow dragon (Depths:3)
  Roxanne (D:15)
  5 frost giants
  9 fire giants
  2 revenants
  3 orc warlords
  Louise (D:14)
  8 deep elf sorcerers
  5 vault wardens
  4 ghost moths
  A cacodemon (Depths:3)
  6 emperor scorpions
  4 imperial myrmidons (Desolation)
  A balrug (Depths:1)
  A caustic shrike skeleton (Depths:1)
  5 war gargoyles
  7 deep elf elementalists
  2 curse skulls
  7 ghouls
  7 ironbound preservers
  20 very ugly things
  2 bennus (Tomb:1)
  A spriggan defender (Depths:2)
  5 vampire knights
  13 stone giants
  10 deep elf annihilators (Elf:3)
  2 halazid warlocks (Desolation)
  7 spark wasps
  6 dire elephants
  3 deep elf demonologists (Elf:3)
  A minotaur (Gauntlet)
  2 bunyips
  A crystal guardian (Desolation)
  5 deep elf death magi
  7 entropy weavers
  A blizzard demon (Abyss:1)
  A mummy priest (Tomb:1)
  2 eidola (Crypt:2)
  2 shambling mangroves
  2 eleionomae (Swamp:4)
  11 jiangshi
  6 ettins
  8 yaktaur captains
  8 deep elf high priests
  5 great orbs of eyes
  A quicksilver dragon zombie (Crypt:2)
  Josephine (Lair:6)
  5 fire dragons
  A great orb of eyes (shapeshifter) (Depths:2)
  2 quicksilver dragon skeletons
  5 ragged hierophants (Desolation)
  4 ghost crabs
  18 hydras
  8 servants of whispers (Desolation)
  A hydra (shapeshifter) (Depths:3)
  A spriggan air mage (Depths:3)
  7 rakshasas
  4 boulder beetles
  5 ironbound thunderhulks
  9 ironbound frosthearts
  2 death knights
  4 peacekeepers (Desolation)
  7 vault guards
  A catoblepas (D:13)
  10 ice dragons
  4 alligators
  An anaconda (shapeshifter) (Elf:2)
  7 deep troll shamans
  14 centaur warriors
  A two-headed ogre (D:12)
  9 vampire magi
  11 death yaks
  2 death scarabs
  6 tengu warriors
  Urug (Orc:1)
  6 deep troll earth magi
  A titan zombie (Depths:1)
  10 ironbound beastmasters
  5 spriggan berserkers
  16 deep elf knights
  6 orc high priests (Orc:2)
  8 thrashing horrors
  7 hell knights
  5 wretched stars
  3 soul eaters
  2 spectral emperor scorpions (Spider:4)
  6 spriggans
  4 goliath frogs
  3 iron trolls (Depths:2)
  A titan skeleton (Crypt:3)
  An iron giant zombie (Crypt:1)
  26 skeletal warriors
  A spatial maelstrom (Abyss:4)
  28 deep trolls
  2 sixfirhies
  6 flayed ghosts
  3 glowing orange brains
  An infernal demonspawn (Orc:2)
  3 large abominations
  7 spriggan druids
  10 bog bodies
  3 gelid demonspawn (Orc:2)
  13 harpies
  An obsidian statue (WizLab)
  A torturous demonspawn (Depths:3)
  24 ironbound convokers
  15 wizards
  14 deep elf archers
  14 lindwurms
  12 orc knights
  9 phantasmal warriors
  8 necromancers
  A spectral wolf spider (Spider:4)
  10 swamp dragons
  31 deep elf pyromancers
  A wolf spider zombie (Crypt:3)
  9 orc sorcerers
  29 wolf spiders
  A wolf spider (shapeshifter) (Depths:2)
  46 ugly things
  26 deep elf zephyrmancers
  2 sphinx skeletons
  20 orb spiders
  2 will-o-the-wisps (Swamp:1)
  2 worldbinders
  An orb spider (shapeshifter) (D:13)
  10 manticores
  7 cyclopes
  A stone giant zombie (Vaults:2)
  4 moths of wrath
  A fire giant zombie (Vaults:2)
  A guardian serpent (Desolation)
  A guardian serpent (shapeshifter) (D:15)
  A frost giant skeleton (Crypt:2)
  15 fire giant skeletons
  4 human skeletons
  2 dire elephant zombies
  A rust devil (Orc:2)
  10 elephants
  An elf zombie (Vaults:2)
  A storm dragon simulacrum (Crypt:2)
  Maggie (D:8)
  9 vault sentinels
  4 smoke demons
  A black mamba (Lair:5)
  16 cane toads
  7 gargoyles
  2 unseen horrors
  2 orange demons
  7 torpor snails
  A kobold demonologist (Abyss:2)
  3 ice devils (WizLab)
  15 demonic crawlers
  6 tengu conjurers
  A ghost moth simulacrum (Crypt:2)
  26 yaktaurs
  A rime drake (Lair:5)
  A spriggan zombie (Depths:1)
  8 komodo dragons
  3 redback zombies (Spider:4)
  2 efreet
  2 ancient zymes
  A black draconian zombie (Crypt:2)
  8 guardian mummies
  4 spectral redbacks
  A purple draconian skeleton (Crypt:1)
  2 yaktaur skeletons
  2 freezing wraiths
  A golden dragon simulacrum (Crypt:2)
  A red devil (WizLab)
  38 jumping spiders
  2 bloated husks (Swamp:2)
  36 saltlings (Desolation)
  3 meliai (D:13)
  5 trolls
  2 spectral jumping spiders (Spider:4)
  9 tyrant leeches
  29 hornets
  3 raiju (Abyss:4)
  3 spectral tarantellas (Spider:4)
  11 dream sheep
  22 blink frogs
  A jumping spider zombie (Spider:4)
  23 slime creatures
  A human simulacrum (Vaults:2)
  2 air elementals (Elf:3)
  7 flying skulls (Gauntlet)
  71 redbacks
  11 shadows
  30 tarantellas
  9 water elementals
  An alligator skeleton (Crypt:3)
  An ettin skeleton (Crypt:2)
  2 ynoxinuls
  An ushabti (Crypt:3)
  2 ice dragon skeletons (Crypt:3)
  3 fire elementals
  A hog (shapeshifter) (Depths:3)
  65 yaks
  6 wyverns
  18 humans (D:14)
  6 chaos spawn
  11 wraiths
  5 fire dragon skeletons (Crypt:3)
  A tarantella (shapeshifter) (Depths:2)
  4 basilisks
  A steam dragon (D:7)
  A neqoxec (Orc:2)
  9 vampire mosquitoes
  7 spatial vortices
  16 swamp worms
  7 wargs
  An acid dragon (D:11)
  A cane toad zombie (Crypt:2)
  32 orc warriors
  11 water moccasins
  3 small abominations
  6 hell hounds
  A floating eye (Depths:3)
  An ice beast (D:6)
  7 swamp drakes
  A spectral hornet (Spider:4)
  An ice dragon simulacrum (Crypt:2)
  2 sky beasts
  2 black bears
  6 necrophages
  2 starcursed masses (Abyss:4)
  7 wolves
  5 boggarts
  7 ogres
  12 centaurs
  A torpor snail zombie (Crypt:2)
  3 kobold brigands
  7 bullfrogs
  A draconian zombie (Crypt:2)
  3 jellies
  A wyvern zombie (D:7)
  5 earth elementals
  A water moccasin skeleton (D:4)
  A water moccasin zombie (D:5)
  A swamp dragon simulacrum (Crypt:2)
  2 spriggan skeletons
  8 howler monkeys
  12 wights
  4 electric eels
  A crimson imp (WizLab)
  A bullfrog zombie (D:6)
  8 centaur zombies
  2 hounds
  3 human zombies (Crypt:1)
  2 centaur skeletons
  34 orc priests
  A gnoll shaman (D:3)
  A bullfrog skeleton (D:6)
  5 iron imps
  19 orc wizards
  7 hell rats
  2 killer bee zombies (D:8)
  An ogre zombie (Crypt:2)
  2 tengu zombies
  A deep dwarf skeleton (Crypt:2)
  A hound skeleton (D:2)
  15 mummies
  2 howler monkey zombies
  5 gnolls
  6 adders
  10 river rats
  2 white imps
  An adder skeleton (D:4)
  An iguana skeleton (Crypt:2)
  2 worms
  4 dart slugs
  105 orcs
  8 bats
  5 endoplasms
  2 giant cockroaches
  4 goblins
  8 hobgoblins
  8 jackals
  26 kobolds
  7 quokkas
  9 ball pythons
  A ball python skeleton (Crypt:2)
  A frilled lizard (D:2)
  2 frilled lizard skeletons (Crypt:1)
  A goblin skeleton (Crypt:1)
  10 rats
  A lurking horror (Abyss:1)
  8 starspawn tentacles
2068 creatures vanquished.

Vanquished Creatures (collateral kills)
  A deep elf blademaster (Elf:3)
  4 sphinxes
  A tengu reaver (Depths:3)
  2 deep elf sorcerers (Elf:3)
  A fire giant (Depths:2)
  A frost giant (Depths:3)
  A vault warden (Vaults:1)
  An iron dragon (Depths:3)
  A very ugly thing (Depths:3)
  2 stone giants
  A vampire knight (Crypt:1)
  2 ironbound preservers (Vaults:3)
  A deep elf demonologist (Elf:3)
  A deep elf death mage (Elf:3)
  A fire dragon (Depths:3)
  A deep elf high priest (Elf:3)
  2 jiangshi (Crypt:1)
  2 peacekeepers (Desolation)
  4 hydras
  2 servants of whispers (Desolation)
  6 alligators
  3 centaur warriors
  2 deep troll shamans
  10 death scarabs
  An ironbound beastmaster (Vaults:1)
  A spectral emperor scorpion (Spider:4)
  4 deep elf knights
  6 goliath frogs
  3 skeletal warriors (D:14)
  4 deep trolls
  6 deep elf archers
  5 bog bodies
  2 swamp dragons
  A spectral wolf spider (Spider:4)
  An ironbound convoker (Vaults:1)
  A necromancer (Vaults:3)
  A wizard (Vaults:2)
  2 orc knights
  2 lindwurms
  2 phantasmal warriors (Crypt:1)
  7 deep elf pyromancers
  A frost giant zombie (Vaults:3)
  5 ugly things
  An orb spider (Spider:3)
  9 deep elf zephyrmancers
  4 harpies
  3 manticores (Elf:1)
  3 wolf spiders
  A cyclops (shapeshifter) (Depths:3)
  3 vault sentinels
  A spectral redback (Spider:4)
  6 yaktaurs
  4 hornets
  A jumping spider (Spider:4)
  10 saltlings (Desolation)
  3 tyrant leeches
  4 slime creatures (Vaults:1)
  2 tarantellas
  8 spriggans
  6 redbacks
  4 wraiths
  A human (D:14)
  3 vampire mosquitoes
  A swamp worm (Swamp:3)
  A warg (D:15)
  A floating eye (Depths:3)
  2 hell hounds (Elf:1)
  6 swamp drakes
  A human zombie (Vaults:2)
  An octopode zombie (Crypt:1)
  A hound (D:5)
  3 mummies (Crypt:3)
  2 orcs (D:15)
204 creatures vanquished.

Vanquished Creatures (others)
  A lich (Depths:2)
  37 dancing weapons
  A deep elf knight (Elf:1)
  A deep elf zephyrmancer (Elf:2)
  A deep elf pyromancer (Elf:3)
  A tyrant leech (Spider:2)
  A naga (shapeshifter) (Depths:3)
  A briar patch (Swamp:3)
  8 foxfires (Swamp:1)
  51 fungi
  100 plants
  12 starspawn tentacles
  13 withered plants
228 creatures vanquished.

Grand Total: 2500 creatures vanquished

Notes
Turn   | Place    | Note
-------+----------+-------------------------------------------
     0 | D:1      | Feb132020 the Deep Elf Air Elementalist began the quest for
                  | the Orb.
     0 | D:1      | Reached XP level 1. HP: 10/10 MP: 6/6
   386 | D:1      | Reached XP level 2. HP: 15/15 MP: 4/8
   487 | D:1      | Learned a level 2 spell: Static Discharge
   975 | D:2      | Found an iron altar of Okawaru.
  1042 | D:2      | Reached XP level 3. HP: 13/19 MP: 1/10
  1616 | D:2      | Reached skill level 4 in Spellcasting
  2764 | D:3      | Reached XP level 4. HP: 24/24 MP: 12/12
  2794 | D:3      | Found Befimas's Antique Weapon Shoppe.
  2990 | D:3      | Found Laworrua's Antique Armour Shoppe.
  3654 | D:4      | Reached XP level 5. HP: 26/28 MP: 13/13
  4123 | D:4      | Noticed an ogre
  4131 | D:4      | Killed an ogre
  4132 | D:4      | Reached skill level 1 in Short Blades
  4132 | D:4      | Reached skill level 5 in Spellcasting
  4132 | D:4      | Reached XP level 6. HP: 25/32 MP: 8/15
  4510 | D:4      | Noticed Menkaure
  4563 | D:3      | Learned a level 4 spell: Airstrike
  4567 | D:3      | Learned a level 3 spell: Swiftness
  4746 | D:4      | Found a snail-covered altar of Cheibriados.
  4746 | D:4      | Found an ornate altar of the Wu Jian Council.
  4746 | D:4      | Found a shadowy altar of Dithmenos.
  4767 | D:5      | Entered Level 5 of the Dungeon
  5143 | D:5      | Reached skill level 6 in Spellcasting
  5143 | D:5      | Reached skill level 5 in Air Magic
  5143 | D:5      | Reached XP level 7. HP: 37/37 MP: 10/18
  5277 | D:5      | Found Nuxialot's Assorted Antiques.
  5322 | D:5      | Found a broken altar of Ashenzari.
  5323 | D:5      | Found a stormy altar of Qazlal.
  6219 | D:6      | Reached skill level 1 in Fighting
  6493 | D:6      | Reached skill level 7 in Spellcasting
  6493 | D:6      | Reached XP level 8. HP: 43/43 MP: 12/20
  6561 | D:3      | Bought a pair of embroidered boots for 195 gold pieces
  6834 | D:6      | Found a staircase to the Ecumenical Temple.
  6874 | D:6      | Reached skill level 5 in Conjurations
  7289 | D:6      | Reached skill level 8 in Spellcasting
  7676 | D:7      | Noticed a hornet
  7680 | D:7      | Killed a hornet
  7880 | D:7      | Reached skill level 9 in Spellcasting
  7996 | D:7      | Reached XP level 9. HP: 47/47 MP: 13/24
  8152 | D:7      | Found a bloodstained altar of Trog.
  8208 | D:7      | Found a sparkling altar of Nemelex Xobeh.
  8654 | D:7      | Found Xacoow's General Store.
  8679 | D:7      | Identified a scroll of acquirement
  8679 | D:7      | Acquired the ring "Umeqy" {Drain rF+ rC+ rCorr Int+6}
  8768 | D:7      | Reached skill level 10 in Spellcasting
  9293 | D:8      | Reached skill level 11 in Spellcasting
  9964 | D:8      | Noticed Maggie
  9976 | D:8      | Killed Maggie
  9977 | D:8      | Reached XP level 10. HP: 52/52 MP: 4/27
 10394 | Temple   | Entered the Ecumenical Temple
 10402 | Temple   | Became a worshipper of Gozag Ym Sagoz the Greedy
 10653 | D:9      | Reached skill level 12 in Spellcasting
 11343 | D:9      | Identified the +6 hand crossbow "Icetsada" {venom, Contam
                  | rCorr Dex+4}
 11481 | D:9      | Found a staircase to the Lair.
 11847 | D:10     | Entered Level 10 of the Dungeon
 11904 | D:10     | Found Veczut's Assorted Antiques.
 11913 | D:10     | Bought a scroll of identify for 60 gold pieces
 11913 | D:10     | Bought a scroll of identify for 60 gold pieces
 11913 | D:10     | Bought a scroll of identify for 60 gold pieces
 11913 | D:10     | Bought a scroll of identify for 60 gold pieces
 11916 | D:10     | Bought a scroll labelled ATUTEIFROA for 30 gold pieces
 11950 | D:10     | Learned a level 2 spell: Passwall
 12140 | D:10     | Reached skill level 1 in Transmutations
 12172 | D:10     | Reached skill level 1 in Earth Magic
 12560 | Lair:1   | Entered Level 1 of the Lair of Beasts
 12610 | Lair:1   | Noticed a cane toad
 12614 | Lair:1   | Killed a cane toad
 12615 | Lair:1   | Reached skill level 5 in Stealth
 12691 | Lair:1   | Noticed a cane toad
 12696 | Lair:1   | Killed a cane toad
 12697 | Lair:1   | Reached skill level 13 in Spellcasting
 12859 | Lair:1   | Noticed a cane toad
 12862 | Lair:1   | Killed a cane toad
 12863 | Lair:1   | Reached skill level 5 in Dodging
 12926 | Lair:1   | Noticed an eight-headed hydra
 12938 | Lair:1   | Killed an eight-headed hydra
 12939 | Lair:1   | Reached XP level 11. HP: 56/56 MP: 6/30
 13482 | Lair:1   | Reached skill level 10 in Air Magic
 13505 | Lair:2   | Reached skill level 14 in Spellcasting
 13556 | Lair:2   | Found a dark tunnel.
 13580 | Volcano  | Entered a volcano
 15731 | Lair:2   | Reached skill level 15 in Spellcasting
 16145 | Lair:2   | Noticed a bog body
 16148 | Lair:2   | Killed a bog body
 16222 | Lair:2   | Noticed a bog body
 16225 | Lair:2   | Killed a bog body
 16300 | Lair:2   | Found a staircase to the Swamp.
 16423 | Lair:2   | Reached XP level 12. HP: 60/60 MP: 24/33
 17224 | D:7      | Bought a scroll of acquirement for 832 gold pieces
 17224 | D:7      | Acquired the +9 quick blade of the Singing Pill Bug {venom,
                  | rPois Int+3 Dex+2}
 17419 | Lair:3   | Noticed a six-headed hydra
 17436 | Lair:3   | Killed a six-headed hydra
 17652 | Lair:3   | Found a hole to the Spider Nest.
 18433 | Lair:4   | Reached skill level 16 in Spellcasting
 18723 | Lair:3   | Reached skill level 5 in Short Blades
 18825 | Lair:4   | Noticed an eight-headed hydra
 19001 | Lair:4   | Killed an eight-headed hydra
 20340 | Lair:4   | Bought a bloodstained cloak for 313 gold pieces
 20340 | Lair:4   | Identified the +0 cloak of Refuge {Harm rC+ Dex-5 Slay+5}
                  | (You bought it in a shop on level 4 of the Lair of Beasts)
 20361 | Lair:5   | Noticed a four-headed hydra
 20380 | Lair:5   | Killed a four-headed hydra
 20404 | Lair:5   | Noticed a five-headed hydra
 20407 | Lair:5   | Killed a five-headed hydra
 20719 | Lair:5   | Found a staircase to the Slime Pits.
 20719 | Lair:5   | Found a viscous altar of Jiyva.
 20731 | Lair:5   | Noticed a death yak
 20754 | Lair:5   | Noticed an eight-headed hydra
 20861 | Lair:5   | Reached skill level 17 in Spellcasting
 20874 | Lair:5   | Killed an eight-headed hydra
 20875 | Lair:5   | Reached XP level 13. HP: 64/64 MP: 10/36
 22836 | Lair:6   | Entered Level 6 of the Lair of Beasts
 23498 | Lair:6   | Reached skill level 18 in Spellcasting
 23513 | Lair:6   | Noticed Josephine
 23517 | Lair:6   | Killed Josephine
 24060 | D:10     | Gained mutation: Your natural rate of healing is unusually
                  | fast. [potion of mutation]
 24349 | D:10     | Found a blossoming altar of Fedhas.
 24691 | D:11     | Learned a level 3 spell: Mephitic Cloud
 25816 | D:10     | Bought a bubbling ruby potion for 27 gold pieces
 26803 | Lair:6   | Reached XP level 14. HP: 70/70 MP: 5/38
 27090 | Lair:6   | Reached skill level 19 in Spellcasting
 28024 | Lair:6   | Found a runed translucent door.
 28072 | Lair:6   | Paralysed by a hornet for 1 turns
 29509 | Lair:4   | Bought an embroidered cloak for 247 gold pieces
 29667 | D:5      | Bought a scroll of acquirement for 1352 gold pieces
 29667 | D:5      | Bought a scroll of identify for 52 gold pieces
 29667 | D:5      | Acquired the amulet of Icweikuc {Regen+ Int+4}
 29833 | D:11     | Reached skill level 15 in Air Magic
 29908 | D:11     | Identified the ring "Bebu" {+Blink rPois rF+ Int+6}
 30603 | D:12     | Learned a level 5 spell: Lee's Rapid Deconstruction
 30894 | D:12     | Found a staircase to the Orcish Mines.
 30976 | D:12     | Upgraded the game from 0.27-a0-1545-g3eddc1d3d3 to
                  | 0.27-a0-1548-gf8a67e7463
 31006 | Orc:1    | Entered Level 1 of the Orcish Mines
 31095 | Orc:1    | Noticed Urug
 31110 | Orc:1    | Noticed Jorgrun
 31257 | D:12     | Killed Jorgrun
 31258 | D:12     | Reached skill level 20 in Spellcasting
 31380 | Orc:1    | Killed Urug
 31637 | Orc:2    | Entered Level 2 of the Orcish Mines
 32354 | Orc:2    | Learned a level 3 spell: Ozocubu's Armour
 32489 | Orc:2    | Noticed an orc warlord
 32498 | Orc:2    | Killed an orc warlord
 33096 | Orc:2    | Reached skill level 1 in Ice Magic
 33116 | Orc:2    | Found Qoseivops's General Store.
 33349 | Orc:2    | Found Guutaluo's General Store.
 33565 | Orc:2    | Bought a scroll of identify for 30 gold pieces
 33748 | Orc:2    | Reached XP level 15. HP: 74/74 MP: 29/41
 34104 | Orc:2    | Found a staircase to the Elven Halls.
 34218 | Orc:2    | Paralysed by an orc sorcerer for 5 turns
 35167 | Orc:2    | Found Ajepymith's Distillery.
 35309 | Orc:2    | Found Oneoch's Antique Weapon Boutique.
 35309 | Orc:2    | Found Metzac's Book Shop.
 35310 | Orc:2    | Found a one-way gate leading to the halls of Pandemonium.
 35344 | Orc:2    | Bought a book of Storms for 416 gold pieces
 35344 | Orc:2    | Bought a book of the Moon for 520 gold pieces
 35344 | Orc:2    | Bought a book of Spatial Translocations for 338 gold pieces
 35344 | Orc:2    | Bought a book of Ice for 598 gold pieces
 35347 | Orc:2    | Learned a level 2 spell: Blink
 35352 | Orc:2    | Learned a level 4 spell: Summon Lightning Spire
 35357 | Orc:2    | Learned a level 4 spell: Passage of Golubria
 35584 | Swamp:1  | Entered Level 1 of the Swamp
 35584 | Swamp:1  | Found the +2 hat of the Bear Spirit {Spirit, +Rage rN+
                  | Will++}
 35666 | Swamp:1  | Reached skill level 1 in Translocations
 35925 | Lair:2   | Paralysed by a hornet for 2 turns
 37026 | Swamp:2  | Reached skill level 21 in Spellcasting
 38387 | Swamp:3  | Reached skill level 5 in Ice Magic
 38625 | Swamp:3  | Found the +8 whip "Snakebite" {curare, rPois}
 39778 | Elf:1    | Entered Level 1 of the Elven Halls
 39850 | Elf:1    | Reached skill level 1 in Summonings
 39978 | Elf:1    | Found a ruined gateway.
 39990 | Desolati | Entered the Desolation of Salt
 40368 | Desolati | Noticed an imperial myrmidon
 40386 | Desolati | Reached XP level 16. HP: 58/79 MP: 24/43
 40832 | Desolati | Reached skill level 1 in Shields
 40832 | Desolati | Reached skill level 5 in Translocations
 41177 | Desolati | Got Akyuk's Compendium of Shape Shifting
 42043 | Desolati | Found the +2 Maxwell's thermic engine {flame, freeze}
 42945 | Desolati | Got the Catalogue of Mutagenic Displacement
 42952 | Desolati | Identified the ring "Nirop" {Will+ MP+9 Int+6 Dex-3}
 42964 | Desolati | Got the Disquisition on Weightlessness and Snow
 42966 | Desolati | Identified the amulet "Wymaul" {Faith rN+ Str+7}
 43352 | Desolati | Reached skill level 22 in Spellcasting
 43681 | Desolati | Identified the ring of Nusim {Will+ Int+3}
 43687 | Desolati | Found the +6 shillelagh "Devastator" {shatter}
 43689 | Desolati | Got the Catalogue of Orientation
 43697 | Desolati | Got the Almanac of the Traveller and Battle Magic
 43710 | Desolati | Identified the ring of Kiyhe {+Blink Fly rC+ Int-3 Dex+7}
 44258 | Orc:2    | Upgraded the game from 0.27-a0-1548-gf8a67e7463 to
                  | 0.27-a0-1555-g0e7b3fb1d2
 44519 | Swamp:4  | Entered Level 4 of the Swamp
 44781 | Swamp:4  | Noticed a thorn hunter
 44873 | Swamp:3  | Killed a thorn hunter
 45201 | Swamp:3  | Bought a scroll of summoning for 180 gold pieces
 45584 | Spider:1 | Entered Level 1 of the Spider Nest
 46149 | Spider:1 | Reached XP level 17. HP: 83/83 MP: 28/45
 46641 | Lair:3   | Bought a +2 buckler of protection for 408 gold pieces
 46838 | Orc:2    | Bought a scroll of enchant armour for 97 gold pieces
 47084 | Spider:1 | Reached skill level 1 in Armour
 48180 | Spider:2 | Noticed Arachne
 49305 | Spider:2 | Killed Arachne
 49602 | Spider:2 | Learned a level 5 spell: Freezing Cloud
 49760 | Spider:2 | Reached skill level 1 in Evocations
 52443 | Swamp:4  | Reached skill level 10 in Dodging
 52456 | Swamp:4  | Noticed the 27-headed Lernaean hydra
 52464 | Swamp:4  | Killed the 27-headed Lernaean hydra
 52650 | Swamp:4  | Got a decaying rune of Zot
 52794 | Swamp:4  | Got Weun's Incunabulum of Congealing Orientation
 52802 | Swamp:4  | Learned a level 6 spell: Dispersal
 54067 | Elf:1    | Reached skill level 23 in Spellcasting
 54404 | Elf:1    | Reached XP level 18. HP: 72/88 MP: 25/47
 57058 | Elf:2    | Noticed Agnes
 57078 | Elf:2    | Killed Agnes
 58066 | Elf:2    | Found a large runed translucent door.
 58066 | Elf:2    | Found a large runed translucent door.
 58145 | Elf:2    | Found a large runed translucent door.
 58145 | Elf:2    | Found a large runed translucent door.
 59906 | Elf:2    | Reached skill level 24 in Spellcasting
 60635 | D:13     | Found Usetz's Distillery.
 61005 | Elf:1    | Bought the ring "Itwiamp" {rN++ rCorr Slay+6 Stlth+} for
                  | 851 gold pieces
 61285 | D:13     | Reached XP level 19. HP: 92/92 MP: 49/49
 61964 | D:13     | Upgraded the game from 0.27-a0-1555-g0e7b3fb1d2 to
                  | 0.27-a0-1559-g299f9947c5
 62041 | D:14     | Found a gate leading to a gauntlet.
 62088 | Gauntlet | Entered a Gauntlet
 62088 | Gauntlet | Found a transporter.
 62088 | Gauntlet | Found a transporter.
 62119 | Gauntlet | Found a transporter.
 62133 | Gauntlet | Found a transporter.
 62166 | Gauntlet | Found a transporter.
 62173 | Gauntlet | Found a transporter.
 62191 | Gauntlet | Found a transporter.
 62193 | Gauntlet | Found a transporter.
 62200 | Gauntlet | Found a transporter.
 62203 | Gauntlet | Found a transporter.
 62203 | Gauntlet | Found a transporter.
 62347 | Gauntlet | Found a transporter.
 62378 | Gauntlet | Found a transporter.
 62424 | Gauntlet | Found a transporter.
 62525 | Gauntlet | Identified the +1 helmet of the Skies Above {rF- rCorr
                  | Int+4}
 63219 | D:14     | Found a broken altar of Ashenzari.
 63302 | D:14     | Noticed Louise
 63310 | D:14     | Killed Louise
 63384 | D:14     | Learned a level 4 spell: Dispel Undead
 63454 | D:14     | Reached skill level 1 in Necromancy
 63552 | D:14     | Identified the +0 leather armour of the Robin {Str+3 Dex+4}
 64159 | D:14     | Found a gate to the Vaults.
 64310 | D:14     | Identified the +8 short sword "Polegit" {holy, rN+}
 64363 | D:15     | Entered Level 15 of the Dungeon
 64407 | D:15     | Found Sixtaludd's Gadget Gallery.
 64472 | D:15     | Noticed Roxanne
 64480 | D:15     | Killed Roxanne
 64684 | D:15     | Noticed Azrael
 65357 | D:15     | Found a shimmering blue altar of Sif Muna.
 65542 | D:15     | Found a staircase to the Depths.
 65974 | Elf:3    | Entered Level 3 of the Elven Halls
 66189 | Elf:3    | Paralysed by an air elemental for 1 turns
 67330 | Elf:3    | Reached skill level 25 in Spellcasting
 68513 | Elf:3    | Reached XP level 20. HP: 97/97 MP: 35/51
 68570 | Elf:3    | Identified the ring "Siwnyn" {rPois Will- rCorr Str-4
                  | Int+10}
 69041 | Elf:3    | Found the +8 orange crystal plate armour {Archmagi, Int+3
                  | Clar}
 69048 | Elf:3    | Identified the +0 chain mail of Compassion {rF- Dex+5}
 70115 | Elf:1    | Bought a scroll of enchant armour for 210 gold pieces
 71079 | Elf:1    | Bought the ring of Res Nullius {rElec Dex+6 SInv} for 540
                  | gold pieces
 71674 | Spider:3 | Reached skill level 5 in Shields
 72785 | Spider:4 | Entered Level 4 of the Spider Nest
 73052 | Spider:4 | Reached skill level 5 in Earth Magic
 73985 | Spider:4 | Reached skill level 26 in Spellcasting
 74040 | Spider:4 | Reached skill level 10 in Conjurations
 74123 | Spider:4 | Learned a level 8 spell: Maxwell's Capacitive Coupling
 76477 | Spider:4 | Got a gossamer rune of Zot
 76486 | Spider:4 | Bought a book of Cantrips for 272 gold pieces
 76488 | Spider:4 | Learned a level 1 spell: Apportation
 76945 | Vaults:1 | Entered Level 1 of the Vaults
 77039 | Vaults:1 | Got the Papyrus of Combat Magic and the Traveller
 77182 | Vaults:1 | Reached skill level 10 in Translocations
 77330 | Vaults:1 | Found Oblakeyjo's General Store.
 77917 | Vaults:1 | Identified the -4 hat of Focus {Rampage Str+5 Dex+3}
 77924 | Vaults:1 | Found a radiant altar of Vehumet.
 77933 | Vaults:1 | Identified the +0 hat "Ostrog" {rPois rN+}
 78034 | Vaults:1 | Reached XP level 21. HP: 104/104 MP: 42/53
 79297 | Vaults:1 | Upgraded the game from 0.27-a0-1559-g299f9947c5 to
                  | 0.27-a0-1572-gacd6f1ce93
 81512 | Vaults:2 | Reached skill level 10 in Stealth
 81686 | Vaults:3 | Bought a smoking great mace for 437 gold pieces
 81686 | Vaults:3 | Identified the +10 great mace "Ynit" {venom, rElec rN+
                  | Int-3} (You bought it in a shop on level 3 of the Vaults)
 81686 | Vaults:3 | Bought an ichor-stained broad axe for 342 gold pieces
 81686 | Vaults:3 | Identified the +8 broad axe "Emput" {speed, MP+9 Str+9
                  | Int-5 Dex-3} (You bought it in a shop on level 3 of the
                  | Vaults)
 82123 | Vaults:3 | Found a magical portal.
 82153 | WizLab   | Entered The Roulette of Golubria
 82153 | WizLab   | Found a transporter.
 82183 | WizLab   | Found a corrupted altar of Lugonu.
 82184 | WizLab   | Found the +1 cloak of Starlight {*Dazzle EV+4 Stlth--}
 82249 | WizLab   | Found a corrupted altar of Lugonu.
 82295 | WizLab   | Found a transporter.
 82323 | WizLab   | Found a transporter.
 82342 | WizLab   | Found a transporter.
 82439 | WizLab   | Found a transporter.
 82441 | WizLab   | Found a transporter.
 82468 | WizLab   | Found a transporter.
 82567 | WizLab   | Found a transporter.
 82638 | WizLab   | Found a transporter.
 82638 | WizLab   | Found a transporter.
 82664 | WizLab   | Found a transporter.
 82664 | WizLab   | Found a transporter.
 82769 | WizLab   | Found a transporter.
 82769 | WizLab   | Found a transporter.
 82770 | WizLab   | Found a corrupted altar of Lugonu.
 82897 | WizLab   | Found a transporter.
 82897 | WizLab   | Found a transporter.
 83000 | WizLab   | Found a transporter.
 83000 | WizLab   | Found a transporter.
 83088 | WizLab   | Found a transporter.
 83119 | WizLab   | Found a transporter.
 83262 | WizLab   | Identified the +1 cloak of Eternity {rN+}
 83299 | WizLab   | Got Golubria's Almanac of Translocation
 83335 | WizLab   | Identified the +2 cloak of Dice, Bag, and Bottle {+Inv
                  | rElec Dex+2}
 83491 | Vaults:3 | Reached XP level 22. HP: 107/112 MP: 44/54
 84871 | Vaults:3 | Found Wepuxoc's Distillery.
 84902 | Vaults:3 | Identified the +7 long sword "Fyagga" {vorpal, *Slow rC+
                  | MP+9}
 85361 | Vaults:3 | Found a staircase to the Crypt.
 86002 | Vaults:3 | Reached skill level 10 in Ice Magic
 86564 | Vaults:4 | Reached skill level 27 in Spellcasting
 87408 | Vaults:4 | Reached skill level 5 in Necromancy
 87977 | Crypt:1  | Entered Level 1 of the Crypt
 88825 | Crypt:1  | Reached skill level 5 in Fighting
 88930 | Crypt:1  | Reached skill level 10 in Short Blades
 89502 | Crypt:1  | Identified the +0 leather armour of Temperance {Slay+3}
 89842 | Crypt:2  | Reached skill level 15 in Translocations
 90393 | Crypt:2  | Reached XP level 23. HP: 120/120 MP: 56/56
 90751 | Crypt:2  | Noticed Mennas
 91566 | Crypt:2  | Learned a level 5 spell: Iskenderun's Battlesphere
 91587 | Crypt:3  | Entered Level 3 of the Crypt
 91702 | Crypt:3  | Reached skill level 10 in Necromancy
 92393 | Crypt:3  | Found the +6 Majin-Bo {vamp, MP+6 Int+6}
 92708 | Crypt:3  | Found a staircase to the Tomb.
 93450 | Crypt:3  | Identified the ring of Goatetz {rN+ Str+5 Dex+4}
 93450 | Crypt:3  | Identified the amulet "Waemosch" {rC+ Regen+}
 93450 | Crypt:3  | Identified the ring of the Furies {rElec rN+ Int-3 Slay+5
                  | Stlth+}
 93684 | Crypt:3  | Found an ancient bone altar of Kikubaaqudgha.
 93708 | Crypt:3  | Noticed an ancient lich
 93715 | Crypt:3  | Killed an ancient lich
 94526 | Crypt:3  | Identified the +10 crystal plate armour of the Good {rElec
                  | Will- Int+2}
 95007 | Depths:1 | Entered Level 1 of the Depths
 95007 | Depths:1 | Found an opulent altar of Gozag.
 95660 | Depths:1 | Found a white marble altar of Elyvilon.
 96317 | Depths:1 | Found a gateway to Hell.
 96785 | Depths:2 | Found Ovuziese's Jewellery Boutique.
 96785 | Depths:2 | Found Deq Bufe's Book Emporium.
 96788 | Depths:2 | Found Mogewouxori's Book Emporium.
 96797 | Depths:2 | Bought a book of Unlife for 576 gold pieces
 96803 | Depths:2 | Learned a level 5 spell: Borgnjor's Vile Clutch
 96811 | Depths:2 | Learned a level 7 spell: Storm Form
 98125 | Depths:3 | Noticed a juggernaut
 98362 | Depths:3 | Found a gateway to a ziggurat.
 98831 | Depths:3 | Noticed Frederick
 98876 | Depths:3 | Killed Frederick
 98877 | Depths:3 | Reached XP level 24. HP: 108/127 MP: 31/56
 98983 | Depths:3 | Reached skill level 5 in Summonings
 99105 | Depths:3 | Noticed Jory
 99105 | Depths:3 | Gained mutation: Your magical capacity is low. (-10% MP) [a
                  | cacodemon]
 99333 | Depths:3 | Killed a juggernaut
 99433 | Depths:3 | Killed Jory
 99746 | Depths:3 | Paralysed by a floating eye for 4 turns
100002 | Depths:3 | Identified the +6 scimitar of Karma {vamp, rPois rF- Int+5}
100943 | Depths:3 | You fall into a shaft and drop 2 floors!
100943 | Depths:5 | Entered Level 5 of the Depths
101021 | Depths:3 | Upgraded the game from 0.27-a0-1572-gacd6f1ce93 to
                  | 0.27-a0-1586-gd5c625afe7
102875 | Depths:3 | Found a portal to a secret trove of treasure.
103969 | Depths:3 | Bought a glowing leather armour for 145 gold pieces
104138 | Depths:3 | Bought a scroll of enchant armour for 217 gold pieces
105228 | Tomb:1   | Entered Level 1 of the Tomb of the Ancients
105852 | Tomb:1   | Reached XP level 25. HP: 126/134 MP: 32/50
105938 | Tomb:1   | Noticed a royal mummy
106756 | Depths:4 | Reached skill level 15 in Dodging
107275 | Depths:4 | Found a one-way gate to the infinite horrors of the Abyss.
107290 | Depths:4 | Voluntarily entered the Abyss.
107292 | Abyss:1  | Found a corrupted altar of Lugonu.
107479 | Abyss:1  | Reached skill level 15 in Necromancy
108152 | Abyss:4  | Paralysed by accursed screaming for 1 turns
108442 | Abyss:4  | Lost mutation: Your natural rate of healing is unusually
                  | fast. [a neqoxec]
108443 | Abyss:4  | Quit the game

Illustrated notes

Levels and vault maps discovered:
D:1:      lightli_arrival_boilingwater, layout_basic, amcnicky_mini_pool_small
D:2:      layout_loops_ring, basic_altar
D:3:      layout_basic, serial_shops, nicolae_shop_waterfront,
          nicolae_shop_waterfront
D:4:      layout_rooms, gammafunk_temple_overflow_claw, serial_glass,
          glass_columns_a, glass_columns_a, glass_columns_a, glass_columns_a,
          glass_columns_a, glass_columns_b, minivault_26, uniq_menkaure
D:5:      layout_layer_cave, minitemple, serial_shops, nicolae_diamond_shop,
          minmay_crystal_room
D:6:      layout_gridville, minmay_temple_entry_waves
D:7:      layout_basic, kennysheep_little_box, trog_hazing_becter, serial_shops,
          kennysheep_mini, kennysheep_pointless_box
D:8:      layout_cave_pools, serial_undead, serial_undead_c, serial_undead_c,
          serial_undead_f, serial_undead_e, serial_undead_d, serial_undead_d,
          kennysheep_generic_room_15, uniq_maggie
D:9:      layout_rooms, erik_lair_orcish_takeover, special_room
          [special_room_orc]
D:10:     layout_irregular_city, mainiacjoe_overflow_paths, serial_shops,
          nicolae_shop_waterfront
D:11:     nicolae_whirlpool, layout_basic, worms_lemuel
D:12:     layout_loops_ring, hiddenorc1_lemuel
D:13:     layout_roguey, serial_shops, shop, minmay_misc_feat_tower,
          minmay_the_grid_square_5x5_3x3_mashed [minmay_the_grid_square_5x5_v,
          minmay_the_grid_square_5x5_detours,
          minmay_the_grid_square_5x5_bracketed,
          minmay_the_grid_square_5x5_three,
          minmay_the_grid_square_5x5_megaprize_hollow,
          minmay_the_grid_square_5x5_checkered_sparse,
          minmay_the_grid_square_5x5_trominoes,
          minmay_the_grid_square_5x5_two_walls_b,
          minmay_the_grid_square_5x5_slash]
D:14:     layout_long_grid, grunt_vaults_entry_tiered, gauntlet_entry_generic,
          ashenzari_altar_1, minivault_25_ag, drop_trap, uniq_louise
D:15:     grunt_enter_depths_snipers, layout_loops_corners,
          nicolae_sif_muna_condensation, nicolae_shop_gadgets, uniq_roxanne,
          uniq_azrael
Temple:   eino_temple_lava
Lair:1:   layout_cave_shapes
Lair:2:   layout_regular_city, nicolae_swamp_entry_splash_gauntlet,
          enter_volcano_4, kennysheep_rathole
Lair:3:   layout_chaotic_city, spider_nest_entry_a, serial_bayou_shore_a
Lair:4:   layout_cave_shapes, serial_forest, infiniplex_forest_clump_medium,
          infiniplex_forest_lined_3_way, infiniplex_forest_fountain,
          infiniplex_forest_lined_3_way, infiniplex_forest_clump_medium,
          wad_woods_river_02
Lair:5:   statuecave_lemuel, layout_small_grid, slime_altar_1,
          beast_lair_carwin_1
Lair:6:   wormcave, layout_misc_corridors, minivault_19, uniq_josephine
Swamp:1:  layout_falls_marsh, evilmike_swamp_ruin_rubble_2, swamp_pool3,
          cheibrodos_swamp_pet_leeches
Swamp:2:  layout_falls_marsh, evilmike_swamp_ruin_wall
Swamp:3:  layout_falls_marsh, nicolae_swamp_small_spring, swamp_pool5
Swamp:4:  grunt_swamp_rune_castle, layout_basic_swamp, swamp_pool2
Spider:1: layout_chambers
Spider:2: layout_chambers, nicolae_spider_swamp_cousins, uniq_arachne
Spider:3: layout_spider_delve
Spider:4: floodkiller_spider_rune_tomb, nicolae_spider_orb_run
Orc:1:    layout_caves, lightli_orcish_oven, uniq_jorgrun, uniq_urug
Orc:2:    pf_orc_diabolical, layout_caves, basic_altar, serial_shops,
          nicolae_shop_trees
Elf:1:    eino_elf_arrival_sip, layout_gridlike, special_room
          [special_room_mythical_zoo], portal_desolation_entry_ruin,
          kennysheep_underground_church
Elf:2:    layout_onion_city, uniq_agnes
Elf:3:    minmay_elf_hall_four_x, layout_gridlike
Vaults:1: ontoclasm_vaults_misaligned, v_misc_13, v_rooms_5,
          hangedman_vaults_nails, grunt_tower_of_power, v_misc_29, v_misc_33,
          v_rooms_3, grunt_vaults_trifunnel, ontoclasm_vaults_loading_screen,
          layout_vaults_big_cross, serial_shops, nicolae_shop_waterfront
Vaults:2: v_misc_9, v_rooms_5, nicolae_vaults_yaktaur_gun_rack, st_more_cells,
          v_rooms_2, vaults_standard_mumra_lines, ontoclasm_vaults_misaligned,
          v_rooms_4, layout_vaults_maze_bifur
Vaults:3: nicolae_vaults_quadrants, vaults_mumra_minichess_inversion,
          nicolae_vaults_big_ls, vaults_room_corners, hangedman_vaults_stitches,
          ontoclasm_vaults_chip, v_misc_17, nicolae_vaults_ninety_degrees,
          minmay_crypt_entry_simple_statues, vaults_room_door_ring,
          layout_vaults_omnigrid, lightli_enter_wizlab_magi_temple,
          serial_shops, shop
Vaults:4: dpeg_vaults_monster_row, nicolae_vaults_angled_halls,
          nicolae_vaults_theta, vaults_room_fours, hangedman_vaults_restitches,
          nicolae_vaults_diagonal_hallway_9, vaults_room_door_ring,
          grunt_vaults_bifocal, vaults_room_fours,
          nicolae_vaults_mini_display_case, layout_vaults_big_room
Crypt:1:  layout_regular_city, minmay_misc_feat_pillars, minivault_27,
          grunt_crypt_arrival_guarded_gate, grunt_megastairs_1
Crypt:2:  layout_regular_city, uniq_mennas
Crypt:3:  quadcrypt_mu
Tomb:1
Depths:1: layout_gridville, lightli_too_deep, elyvilon_altar_3,
          chequers_hall_statues_wall_a, minmay_holes, grunt_gozag_statues
Depths:2: minmay_containers, layout_gridville, hangedman_abyss_or_decor_slice,
          pan_entry, hell_entry, minmay_shop_grove
Depths:3: minmay_octagon_city, layout_long_grid, enter_ziggurat_b,
          pf_coc_iceberg, rand_demon_pan_entry_5, enter_trove_3,
          kennysheep_crisscross, uniq_frederick, uniq_jory
Depths:4: minmay_nine_rooms, layout_basic,
          nicolae_abyss_entry_one_way_or_another, rand_demon_pan_entry_1,
          hell_entry, serial_bayou_shore_b, roderic_lattice_octagonal_star,
          infiniplex_staircase_zigzag_2, uniq_saint_roka
Depths:5: grunt_bruiser_brothers, layout_cave_pools,
          hangedman_abyss_entry_splay, hell_entry
Abyss:4:  base: Lair:3, base: Slime:2, bh_abyss_exit_grid

Skill      XL: |  1  2  3  4  5  6  7  8  9 10 11 12 13 14 15 16 17 18 19 20 21 22 23 24 25 |
---------------+----------------------------------------------------------------------------+-----
Spellcasting   | 4 5 6 7 9 11 13 15 17 18 20 21 22 23 24 25 26 27 | 27.0
Conjurations   | 2 3 4 5 6 7 8 11 13 14 | 14.9
Air Magic      | 4 5 7 8 9 11 13 14 15 16 17 18 19 20 21 | 21.6
Stealth        | 3 4 5 6 7 8 9 10 11 12 13 | 13.7
Short Blades   | 1 2 3 4 5 6 7 8 9 10 11 | 11.6
Dodging        | 3 4 5 6 7 9 10 11 12 13 14 15 | 15.2
Fighting       | 1 2 4 5 6 7 |  7.8
Transmutations | 2 |  2.9
Earth Magic    | 2 3 4 5 6 |  6.5
Ice Magic      | 2 6 7 8 9 10 11 | 11.0
Translocations | 4 7 9 10 13 15 17 | 17.4
Summonings     | 1 2 3 4 5 |  5.8
Shields        | 2 3 4 5 6 7 9 |  9.3
Armour         | 4 |  4.0
Evocations     | 1 2 |  2.2
Necromancy     | 4 8 14 15 | 15.0

Action                   |  1- 3 |  4- 6 |  7- 9 | 10-12 | 13-15 | 16-18 | 19-21 | 22-24 | 25-27 || total
-------------------------+-------+-------+-------+-------+-------+-------+-------+-------+-------++-------
Melee: Short sword       |    10 |    35 |    56 |   182 |       |       |       |       |    38 ||   321
       Dagger            |       |    19 |    21 |       |       |       |       |       |       ||    40
       Quick blade       |       |       |       |   181 |  1184 |  2175 |  2905 |  4061 |   590 || 11096
       Unarmed           |       |       |       |       |       |       |       |    22 |       ||    22
 Cast: Shock             |    83 |    93 |   121 |   219 |   122 |   123 |   127 |    23 |       ||   911
       Static Discharge  |     1 |    12 |    27 |    26 |    34 |    11 |     5 |       |       ||   116
       Airstrike         |       |     1 |    57 |   175 |   534 |   377 |   332 |   196 |    34 ||  1706
       Passwall          |       |       |       |     1 |       |    18 |     6 |     8 |     4 ||    37
       Ozocubu's Armour  |       |       |       |       |    15 |    93 |    93 |    82 |     5 ||   288
       Mephitic Cloud    |       |       |       |       |     2 |     2 |     4 |     1 |       ||     9
       Summon Lightning  |       |       |       |       |    24 |    66 |    72 |    57 |       ||   219
       Blink             |       |       |       |       |       |    14 |     2 |       |       ||    16
       Lee's Rapid Decon |       |       |       |       |       |     3 |    16 |    43 |       ||    62
       Passage of Golubr |       |       |       |       |       |     4 |     5 |     1 |     1 ||    11
       Dispersal         |       |       |       |       |       |     1 |     3 |     9 |     2 ||    15
       Freezing Cloud    |       |       |       |       |       |     1 |       |       |       ||     1
       Maxwell's Capacit |       |       |       |       |       |       |     4 |     2 |     1 ||     7
       Dispel Undead     |       |       |       |       |       |       |     4 |    93 |     3 ||   100
       Iskenderun's Batt |       |       |       |       |       |       |       |     1 |       ||     1
       Storm Form        |       |       |       |       |       |       |       |     1 |       ||     1
       Apportation       |       |       |       |       |       |       |       |       |     8 ||     8
       Swiftness         |       |       |       |       |       |       |       |       |     3 ||     3
Invok: Call Merchant     |       |       |       |     1 |       |     4 |     3 |     1 |       ||     9
 Abil: Blinkbolt         |       |       |       |       |       |       |       |     3 |       ||     3
Evoke: Wand              |       |       |       |       |     2 |     3 |     5 |       |       ||    10
       Box of beasts     |       |       |       |       |     1 |     4 |     1 |     1 |       ||     7
       Condenser vane    |       |       |       |       |       |       |     6 |     3 |       ||     9
       Lightning rod     |       |       |       |       |       |       |     1 |     9 |       ||    10
  Use: Scroll            |     6 |     4 |     5 |    12 |    22 |     8 |     8 |     7 |     5 ||    77
       Potion            |       |       |       |       |     7 |     8 |     5 |     3 |     3 ||    26
 Stab: Sleeping          |       |       |     3 |     2 |     7 |    35 |    61 |    72 |     3 ||   183
       Distracted        |       |       |     1 |       |    10 |    25 |    29 |    33 |     8 ||   106
       Confused          |       |       |       |       |     2 |     1 |     5 |     5 |       ||    13
       Invisible         |       |       |       |       |       |       |     2 |       |       ||     2
Armor: Robe              |     4 |    17 |    77 |    76 |   156 |   521 |   425 |   383 |       ||  1659
       Skin              |       |       |       |       |       |       |       |     9 |       ||     9
       Leather armour    |       |       |       |       |       |       |       |    26 |    91 ||   117
Dodge: Dodged            |     8 |    34 |   112 |   243 |   369 |   791 |   817 |  1124 |   268 ||  3766
Block: Other             |       |       |       |       |    20 |       |       |       |       ||    20
       Buckler           |       |       |       |       |    50 |   648 |   964 |   825 |   166 ||  2653
       Reflection        |       |       |       |       |     5 |    31 |    45 |    11 |       ||    92

Table legend: (Time is in decaauts)
 A = Elapsed time spent in this place.
 B = Non-inter-level travel time spent in this place.
 C = Inter-level travel time spent in this place.
 D = Time resting spent in this place.
 E = Time spent auto-exploring this place.
 F = Levels seen in this place.
 G = Mean time per level.
                   A        B        C        D        E       F      G
               +--------+--------+--------+--------+--------+-----+--------+
         Total | 101588 |  91186 |  10402 |  11072 |  60096 |  56 | 1814.1 |
       Dungeon |  22467 |  18687 |   3780 |   1449 |  14207 |  15 | 1497.8 |
        Temple |     16 |      8 |      8 |      0 |      0 |   1 |   16.0 |
          Lair |  15421 |  13626 |   1795 |    858 |  10383 |   6 | 2570.2 |
         Swamp |   7090 |   6712 |    378 |    940 |   4709 |   4 | 1772.5 |
   Spider Nest |   9189 |   8500 |    689 |    729 |   5910 |   4 | 2297.2 |
  Orcish Mines |   4766 |   4072 |    694 |    911 |   2167 |   2 | 2383.0 |
   Elven Halls |  10875 |   9921 |    954 |   2194 |   5679 |   3 | 3625.0 |
        Vaults |   8954 |   8034 |    920 |    649 |   5405 |   4 | 2238.5 |
         Crypt |   6712 |   6006 |    706 |    169 |   4522 |   3 | 2237.3 |
          Tomb |    960 |    960 |      0 |      3 |    611 |   1 |  960.0 |
        Depths |   8553 |   8080 |    473 |   1149 |   4826 |   5 | 1710.6 |
         Abyss |    841 |    841 |      0 |    154 |    114 |   4 |  210.2 |
       Volcano |    388 |    388 |      0 |      0 |    325 |   1 |  388.0 |
        Wizlab |   1204 |   1204 |      0 |     25 |    705 |   1 | 1204.0 |
    Desolation |   3614 |   3614 |      0 |   1734 |    424 |   1 | 3614.0 |
      Gauntlet |    530 |    530 |      0 |    105 |    106 |   1 |  530.0 |
               +--------+--------+--------+--------+--------+-----+--------+

Top non-repeatable levels by time:
   Orc:2: 4017 daAuts
   Elf:2: 3924 daAuts
Depths:3: 3867 daAuts
  Lair:5: 3775 daAuts
Desolation: 3614 daAuts
   Elf:1: 3528 daAuts
   Elf:3: 3422 daAuts
 Crypt:3: 3386 daAuts
 Swamp:3: 3174 daAuts
  Lair:2: 3030 daAuts
Vaults:3: 2852 daAuts
Depths:2: 2702 daAuts
  Lair:6: 2689 daAuts
Spider:1: 2523 daAuts
Spider:4: 2486 daAuts
